 Dungeon Crawl Stone Soup version 0.24-a0-397-g73b976d855 (webtiles) character file.

Game seed: 1065673667627773866

249 Laiders72 the Shield-Bearer (level 6, 0/49 HPs)
             Began as a Formicid Fighter on June 4, 2019.
             Was an Initiate of Ru.
             Splashed by Ijyb's acid (8 damage)
             ... on level 5 of the Dungeon.
             The game lasted 00:09:17 (4082 turns).

Laiders72 the Shield-Bearer (Formicid Fighter)      Turns: 4082, Time: 00:09:18

Health: 0/49       AC: 13    Str: 20    XL:     6   Next: 35%
Magic:  15/15      EV:  6    Int:  8    God:    Ru [......]
Gold:   189        SH: 10    Dex: 12    Spells: 5/5 levels left

rFire    . . .     SeeInvis +   t - +2 mace (protect)
rCold    . . .     Gourm    .   c - +0 shield
rNeg     . . .     Faith    .   b - +1 chain mail {MR+}
rPois    .         Spirit   .   (helmet unavailable)
rElec    .         Reflect  .   (no cloak)
rCorr    .         Harm     .   (no gloves)
MR       +....                  (no boots)
Stlth    ..........             (no amulet)
HPRegen  0.16/turn              p - ring of magical power
MPRegen  0.14/turn              (no ring)

@: corroded, protection aura, starving
A: permanent stasis, dig shafts and tunnels, four strong arms, antennae 3
a: Dig, Shaft Self, Renounce Religion


You were on level 5 of the Dungeon.
You worshipped Ru.
Ru was noncommittal.
You were starving.

You visited 2 branches of the dungeon, and saw 6 of its levels.

You collected 189 gold pieces.

Inventory:

Hand Weapons
 t - a +2 mace of protection (weapon)
Missiles
 o - 12 boomerangs (quivered)
Armour
 b - a +1 chain mail of magic resistance (worn)
 c - a +0 shield (worn)
Jewellery
 p - a ring of magical power (left hand)
Wands
 r - a wand of acid (9)
Scrolls
 a - a scroll of enchant armour {unknown}
 e - a scroll of fear {unknown}
 g - 3 scrolls of remove curse
 j - 2 scrolls of fog
 k - a scroll of enchant weapon {unknown}
Potions
 d - a potion of might
 h - a potion of lignification
 i - a potion of heal wounds {unknown}
 l - a potion of resistance {unknown}
 m - a potion of degeneration {unknown}
 n - a potion of curing {unknown}
 q - a potion of agility
Comestibles
 f - 5 rations


   Skills:
 + Level 4.6 Fighting
 * Level 4.6 Maces & Flails
 - Level 3.2 Armour
 + Level 5.0 Shields


You had 5 spell levels left.
You didn't know any spells.
Your spell library contained the following spells:

 Spells                   Type           Power        Failure   Level  Hunger
 Magic Dart               Conj           #...         100%        1    ##.....
 Call Imp                 Summ           #.......     100%        2    ###....
 Slow                     Hex            #.......     100%        2    ###....
 Conjure Flame            Conj/Fire      #.......     100%        3    ####...
 Mephitic Cloud           Conj/Pois/Air  #.......     100%        3    ####...
 Blink                    Tloc           Unusable     N/A         2    N/A

Dungeon Overview and Level Annotations

Branches:
Dungeon (5/15)             Temple (1/1) D:4

Altars:
Ashenzari
Cheibriados
Dithmenos
Elyvilon
Gozag
Nemelex Xobeh
Okawaru
Qazlal
Ru
Sif Muna
Trog
Uskayaw
Vehumet
Xom
Yredelemnul
Zin
The Shining One

Annotations:
D:5 Ijyb


Innate Abilities, Weirdness & Mutations

You cannot be hasted, slowed, berserked, paralysed or teleported.
You can dig through walls and to a lower floor.
Your four strong arms can wield two-handed weapons with a shield.
You have a pair of large antennae on your head. (SInv)


Message History

The hound is severely wounded.
The hound bites you but does no damage. You block the hound's attack.
You hit the hound.
The hound is severely wounded.
The hound bites you but does no damage. The hound bites you.
You hit the hound.
You kill the hound!
Your Shields skill increases to level 5!
Ijyb zaps a wand.
The bolt of acid hits you but does no damage.
You are splashed with acid!
You sock Ijyb!
Ijyb is moderately wounded.
Ijyb hits you but does no damage.
You hit Ijyb but do no damage.
Ijyb is moderately wounded.
Ijyb zaps a wand.
The bolt of acid hits you!!
* * * LOW HITPOINT WARNING * * *
The acid corrodes you!
You are splashed with acid!
You die...

#### ..# #.###.#
...#g# ...#@# {
...#.######
#####..#......#
#<..#..######.#
#.###..# #.#
#......# #.#
#####.#######.###
#...........#
#############


You could see Ijyb.

Vanquished Creatures
  2 hounds
  An orc priest (D:3)
  An iguana (D:4)
  An orc wizard (D:3)
  4 adders
  A worm (D:3)
  4 dart slugs
  A leopard gecko (D:3)
  3 orcs (D:3)
  2 ball pythons (D:4)
  5 giant cockroaches
  5 hobgoblins
  9 jackals
  8 bats
  4 frilled lizards
  3 goblins
  7 kobolds
  3 rats
64 creatures vanquished.

Notes
Turn   | Place    | Note
-------+----------+-------------------------------------------
     0 | D:1      | Laiders72 the Formicid Fighter began the quest for the Orb.
     0 | D:1      | Reached XP level 1. HP: 18/18 MP: 1/1
   199 | D:1      | Reached XP level 2. HP: 23/24 MP: 2/2
   696 | D:1      | Reached skill level 4 in Shields
   696 | D:1      | Reached XP level 3. HP: 29/29 MP: 3/3
  1465 | D:2      | Reached XP level 4. HP: 29/37 MP: 4/4
  1626 | D:2      | Found a shadowy altar of Dithmenos.
  1644 | D:2      | Found a glowing silver altar of Zin.
  2300 | D:3      | Reached XP level 5. HP: 23/42 MP: 5/5
  2325 | D:3      | Found a shattered altar of Ashenzari.
  2748 | D:4      | Found a sparkling altar of Nemelex Xobeh.
  2757 | D:4      | Found a hide-covered altar of Uskayaw.
  2835 | D:4      | Found a shimmering altar of Xom.
  2837 | D:4      | Found a shimmering altar of Xom.
  2837 | D:4      | Found a stormy altar of Qazlal.
  2839 | D:4      | Found a basalt altar of Yredelemnul.
  2839 | D:4      | Found a sparkling altar of Nemelex Xobeh.
  2839 | D:4      | Found an opulent altar of Gozag.
  2853 | D:4      | Reached XP level 6. HP: 31/49 MP: 6/6
  3260 | D:4      | Found a staircase to the Ecumenical Temple.
  3516 | Temple   | Entered the Ecumenical Temple
  3885 | Temple   | Became a worshipper of Ru the Awakened
  4019 | D:5      | Entered Level 5 of the Dungeon
  4065 | D:5      | Noticed Ijyb
  4080 | D:5      | Reached skill level 5 in Shields
  4082 | D:5      | Splashed by Ijyb's acid

Levels and vault maps discovered:
D:1:      ncdulo_halloftheorcs, layout_basic
D:2:      layout_basic, nicolae_dithmenos_through_a_glass_darkly,
          lemuel_crystal_altar
D:3:      layout_loops_ring, lemuel_round_altar
D:4:      layout_basic, chequers_temple_overflow_statue_of_worship,
          minmay_temple_entry_poolview, doesnt_xom_only_xom
D:5:      layout_basic, kennysheep_little_box, first_ration,
          kennysheep_generic_room_14, uniq_ijyb
Temple:   minmay_temple_forest_path

Skill      XL: |  1  2  3  4  5  6 |
---------------+-------------------+-----
Shields        | 4 5 |  5.0
Maces & Flails | 3 4 |  4.6
Fighting       | 4 |  4.6
Armour         | |  3.2

Action                   |  1- 3 |  4- 6 || total
-------------------------+-------+-------++-------
Melee: Flail             |   142 |     3 ||   145
       Mace              |       |   108 ||   108
  Use: Scroll            |       |     5 ||     5
  Eat: Chunk             |     1 |     7 ||     8
Armor: Chain mail        |   118 |    58 ||   176
       Scale mail        |     6 |       ||     6
Dodge: Dodged            |    44 |    27 ||    71
Block: Shield            |   107 |    55 ||   162

Table legend:
 A = Non-vault XP
 B = Vault XP
 C = Vault XP percentage of total XP
 D = Non-vault monster count
 E = Vault monster count
 F = Vault count percentage of total count
                 A         B        C        D         E       F
            +---------+---------+-------+---------+---------+-------
      Total |     357 |       0 |   0.0 |      64 |       0 |   0.0
            +---------+---------+-------+---------+---------+-------
        D:1 |      40 |       0 |   0.0 |      22 |       0 |   0.0
        D:2 |      57 |       0 |   0.0 |      18 |       0 |   0.0
        D:3 |     134 |       0 |   0.0 |      19 |       0 |   0.0
        D:4 |      81 |       0 |   0.0 |       4 |       0 |   0.0
        D:5 |      45 |       0 |   0.0 |       1 |       0 |   0.0
            +---------+---------+-------+---------+---------+-------
